 Dungeon Crawl Stone Soup version 0.26-a0-466-g989023bd0d (webtiles) character file.

Game seed: 9176482500858827146

119859 vurker the Severer (level 16, -6/155 HPs)
             Began as a Hill Orc Gladiator on Aug 11, 2020.
             Was the Champion of Qazlal.
             Killed from afar by a shock serpent (11 damage)
             ... with a bolt of electricity
             ... on level 3 of the Snake Pit.
             The game lasted 00:40:04 (24291 turns).

vurker the Severer (Hill Orc Gladiator)            Turns: 24291, Time: 00:40:04

Health: -6/155     AC: 23    Str: 24    XL:     16   Next: 80%
Magic:  16/28      EV:  8    Int:  8    God:    Qazlal [******]
Gold:   1694       SH: 24    Dex: 12    Spells: 15/15 levels left

rFire    + . .     SeeInvis +   a - +14 obsidian axe {vorpal, +Fly SInv *Curse} (curse)
rCold    . . .     Faith    .   O - +0 kite shield
rNeg     . . .     Spirit   .   A - +0 plate armour
rPois    .         Reflect  +   N - +2 helmet
rElec    .         Harm     .   (no cloak)
rCorr    .                      B - +0 pair of gloves
MR       +....                  V - +1 pair of boots
Stlth    ..........             g - amulet of reflection
HPRegen  0.35/turn              J - +4 ring of slaying
MPRegen  0.21/turn              T - ring of poison resistance

@: poison vulnerable, protected from fire, mesmerised, repel missiles
A: no striking features
a: Upheaval, Elemental Force, Disaster Area, Renounce Religion, Evoke Flight


You were on level 3 of the Snake Pit.
You worshipped Qazlal.
Qazlal was exalted by your worship.
You visited 4 branches of the dungeon, and saw 26 of its levels.
You also visited: Gauntlet.

You collected 2623 gold pieces.
You spent 929 gold pieces at shops.

Inventory:

Hand Weapons
 a - the cursed +14 obsidian axe (weapon) {vorpal, +Fly SInv *Curse}
   (You found it on level 6 of the Dungeon)

   It inflicts extra damage upon your enemies.
   It lets you see invisible.
   It lets you fly.
   It curses itself when equipped.
   It has a curse placed upon it.
 b - a +5 broad axe of flaming
   (You took it off a death knight on level 13 of the Dungeon)
Missiles
 R - 7 throwing nets (quivered)
 U - 17 javelins
Armour
 A - a +0 plate armour (worn)
   (You took it off an orc warrior on level 1 of the Orcish Mines)
 B - a +0 pair of gloves (worn)
   (You found it on level 7 of the Dungeon)
 N - a +2 helmet (worn)
   (You found it on level 4 of the Lair of Beasts)
 O - a +0 kite shield (worn)
   (You took it off a tengu warrior on level 14 of the Dungeon)
 V - a +1 pair of boots (worn)
   (You found it on level 14 of the Dungeon)
Jewellery
 f - the ring "Ugozul" {rElec rPois rC- Str+5 Stlth+}
   (You found it in a Gauntlet)

   [ring of poison resistance]

   It affects your strength (+5).
   It makes you vulnerable to cold.
   It insulates you from electricity.
   It protects you from poison.
   It makes you more stealthy.
 g - an amulet of reflection (around neck)
   (You found it on level 1 of the Dungeon)
 w - an uncursed ring of protection from fire
   (You found it on level 5 of the Dungeon)
 E - an uncursed ring of positive energy
   (You found it on level 11 of the Dungeon)
 J - a +4 ring of slaying (left hand)
   (You found it on level 1 of the Lair of Beasts)
 T - a ring of poison resistance (right hand)
   (You found it on level 5 of the Lair of Beasts)
Wands
 d - a wand of iceblast (34)
   (You found it on level 5 of the Lair of Beasts)
 t - a wand of flame (7)
   (You found it on level 5 of the Lair of Beasts)
 u - a wand of paralysis (7)
   (You found it on level 2 of the Lair of Beasts)
 v - a wand of digging (6)
   (You took it off a naga on level 4 of the Lair of Beasts)
 x - a wand of acid (17)
   (You found it on level 12 of the Dungeon)
 H - a wand of clouds (5)
   (You found it on level 12 of the Dungeon)
Scrolls
 c - a scroll of holy word
 e - a scroll of brand weapon
 i - 4 scrolls of blinking
 j - 5 scrolls of enchant armour
 m - 9 scrolls of remove curse
 o - 2 scrolls of fear
 s - 14 scrolls of teleportation
 y - 5 scrolls of immolation
 z - 4 scrolls of fog
 F - 7 scrolls of identify
 K - 3 scrolls of magic mapping
 P - 3 scrolls of vulnerability
Potions
 h - 3 potions of cancellation
 k - 6 potions of haste
 l - a potion of magic
 n - 16 potions of ambrosia
 p - a potion of resistance
 q - 6 potions of heal wounds
 r - 7 potions of might
 G - 3 potions of berserk rage
 I - 14 potions of curing
 L - a potion of invisibility
 M - 5 potions of flight
 Q - 4 potions of lignification
 S - 5 potions of mutation
Miscellaneous
 C - 2 phantom mirrors


   Skills:
 + Level 17.1 Fighting
 - Level 18.0 Axes
 - Level 1.7 Throwing
 + Level 13.5 Armour
 - Level 5.0 Dodging
 + Level 8.5 Shields
 + Level 17.9 Invocations


You had 15 spell levels left.
You didn't know any spells.
Your spell library contained the following spells:

 Spells                   Type           Power        Failure   Level
 Corona                   Hex            #......      100%        1
 Magic Dart               Conj           #...         100%        1
 Blink                    Tloc           N/A          100%        2
 Call Imp                 Summ           #.......     100%        2
 Ensorcelled Hibernation  Hex/Ice        #.....       100%        2
 Slow                     Hex            #.......     100%        2
 Confusing Touch          Hex            #.......     100%        3
 Conjure Flame            Conj/Fire      #.......     100%        3
 Dazzling Flash           Conj/Hex       #.....       100%        3
 Mephitic Cloud           Conj/Pois/Air  #.......     100%        3
 Tukima's Dance           Hex            #.......     100%        3
 Animate Dead             Necr           #.........   100%        4
 Leda's Liquefaction      Hex/Erth       #.........   100%        4
 Bolt of Magma            Conj/Fire/Erth #.........   100%        5
 Borgnjor's Vile Clutch   Necr/Erth      #.........   100%        5
 Iskenderun's Battlesphe  Conj           #.......     100%        5
 Death Channel            Necr           #.........   100%        6
 Iron Shot                Conj/Erth      #.........   100%        6
 Simulacrum               Ice/Necr       #.........   100%        6
 Statue Form              Tmut/Erth      #........    100%        6
 Orb of Destruction       Conj           #.........   100%        7
 Spellforged Servitor     Conj/Summ      #.........   100%        7
 Shatter                  Erth           #.........   100%        9


Dungeon Overview and Level Annotations

Branches:
Dungeon (15/15)            Temple (0/1) D:5            Lair (6/6) D:10
  Swamp (0/4) Lair:4        Snake (3/4) Lair:4        Slime (0/5) Lair:6
    Orc (2/2) D:11            Elf (0/3) Orc:2        Vaults (0/5) D:14
 Depths (0/5) D:15        Gauntlet (visited)

Altars:
Ashenzari
Dithmenos
Elyvilon
Fedhas
Gozag
Hepliaklqana
Kikubaaqudgha
Makhleb
Nemelex Xobeh
Okawaru
Qazlal
Sif Muna
Yredelemnul
The Shining One

Shops:
Orc:1 *   Orc:2 ?*!!

Annotations:
D:7 2 transporters, Menkaure
D:9 3 runed translucent doors, Graouh's ghost, novice MiFi
Lair:1 exclusion: 4 oklob plants


Message History

You are engulfed in flames.
You resist.
* * * LOW HITPOINT WARNING * * *
The anaconda is engulfed in freezing vapours.
You block the anaconda's attack. The anaconda barely misses you.
You slice the salamander!!
You break out of your daze!
You kill the salamander!
Qazlal accepts your kill.
You hit the anaconda.
Visions of slaying the anaconda flood into your mind.
Your smoke demon closely misses the anaconda.
Your smoke demon misses the anaconda.
Your smoke demon completely misses the anaconda.
The anaconda grabs you. You block the anaconda's attack.
The anaconda constricts you.
You hit the anaconda but do no damage.
The anaconda is engulfed in a cloud of scalding steam.
The anaconda bites you but does no damage.
The anaconda constricts you.
A shock serpent comes into view.
Your neqoxec hits the salamander but does no damage.
The salamander hits your neqoxec with a +0 trident!
Your neqoxec is engulfed in flames!
Your smoke demon gestures at the anaconda.
The anaconda is smitten.
The salamander hits you but does no damage.
You slash the anaconda! You block the anaconda's attack.
The anaconda constricts you.
Your neqoxec gestures.
You block the anaconda's attack. The anaconda constricts you.
Your smoke demon closely misses the anaconda.
Your smoke demon hits the anaconda but does no damage. x2
You slash the anaconda!
You break out of your daze!
You kill the anaconda!
Qazlal accepts your kill.
Visions of slaying the naga ritualist flood into your mind.
The salamander hits your neqoxec with a +0 trident!
Your neqoxec is engulfed in flames!
Your neqoxec dies!
Your quasit disappears in a puff of smoke!
Your ufetubus disappears in a puff of smoke!
You block the salamander's attack.
You hit the naga ritualist. You open a gate to Pandemonium!
A demon appears!
The black mamba closely misses your ynoxinul.
The shock serpent shoots out a bolt of lightning at you!
The bolt of electricity hits your smoke demon!!
Your smoke demon dies!
The bolt of electricity hits you!
You die...

##########
#..).....#
#..((....#
#..†)....#
#.)†.....#
#...≈.(°§#######
#..<(.).○§.§...##
######≈@°≈..S..≈#
......[.N)N..)..≈.
#######°N3N...$...
.....≈)S.§.....
....(((..)))..[.
........(........
........(..[))...
.....###......)..
.!... ..........


You could see a naga warrior, 2 salamanders, a naga ritualist (mesmerising), a
shock serpent, a black mamba and a friendly ynoxinul (summoned).

Vanquished Creatures
  A nagaraja (Snake:2)
  A stone giant (Orc:1)
  A dire elephant (D:15)
  Azrael (D:13)
  A minotaur (Gauntlet)
  Josephine (D:12)
  7 naga warriors
  A vault guard (D:14)
  5 hydras
  7 anacondas
  A death knight (D:13)
  3 two-headed ogres
  A merfolk avatar (Lair:6)
  2 centaur warriors
  3 tengu warriors
  3 death yaks (Lair:5)
  5 orc high priests
  A shock serpent (Snake:2)
  Nergalle (D:12)
  7 naga sharpshooters
  A salamander mystic (Snake:3)
  2 unseen horrors
  A glowing orange brain (Gauntlet)
  2 wizards (D:14)
  2 wolf spiders (D:15)
  2 manticores (Lair:6)
  An orc knight (D:14)
  3 harpies (Lair:6)
  2 necromancers
  4 mana vipers
  An orb spider (shapeshifter) (Gauntlet)
  6 salamanders
  2 orc sorcerers (Orc:2)
  A salamander (shapeshifter) (Gauntlet)
  6 ugly things
  2 guardian serpents
  A cyclops (D:14)
  An eye of devastation (Lair:6)
  17 black mambas
  4 centaur skeletons
  8 naga magi
  15 elephants
  14 cane toads
  A kobold demonologist (D:12)
  7 rime drakes
  7 komodo dragons
  A queen bee (Lair:3)
  A tengu conjurer (D:14)
  6 trolls
  5 hornets
  A harpy skeleton (D:14)
  12 polar bears
  A blink frog (shapeshifter) (Gauntlet)
  13 hippogriffs
  A bog body (Lair:4)
  19 blink frogs
  3 wyverns
  24 yaks
  Sigmund (D:5)
  6 wraiths
  A fire elemental (D:13)
  21 humans
  4 vampire mosquitoes (D:13)
  5 basilisks
  2 acid dragons
  A swamp worm (Lair:4)
  39 nagas
  7 hell hounds (D:13)
  10 porcupines
  13 water moccasins
  19 orc warriors
  4 phantoms
  7 ice beasts
  3 black bears
  A necrophage (D:9)
  2 sky beasts
  An eye of draining (shapeshifter) (D:13)
  2 eyes of draining
  13 wolves
  5 boggarts
  14 ogres
  6 centaurs
  12 crocodiles
  A big kobold (D:10)
  7 bullfrogs
  2 wyvern zombies
  A wyvern skeleton (D:9)
  A scorpion (D:13)
  25 killer bees (Lair:3)
  22 wights
  An electric eel (Lair:4)
  5 howler monkeys
  4 centaur zombies
  6 bullfrog zombies
  A quasit (D:9)
  3 jellies
  24 orc priests
  A gnoll shaman (D:8)
  9 hounds
  Terence (D:2)
  2 iguanas
  27 orc wizards
  8 worker ants
  A human simulacrum (D:10)
  A hound skeleton (D:5)
  2 worker ant zombies (D:9)
  18 gnolls
  2 howler monkey skeletons
  13 adders
  A shadow imp (D:7)
  2 white imps
  3 ufetubi
  An ooze (D:5)
  An adder skeleton (D:7)
  2 adder zombies
  6 worms
  4 dart slugs
  7 leopard geckos
  61 orcs
  5 bats
  4 giant cockroaches
  5 goblins
  6 hobgoblins
  7 jackals
  12 kobolds
  3 quokkas
  5 ball pythons
  7 frilled lizards
  A quokka skeleton (D:5)
  8 rats
  A bush (D:14)
  2 demonic plants (Gauntlet)
  A fungus (Lair:5)
  8 plants
803 creatures vanquished.

Vanquished Creatures (collateral kills)
  A hydra (D:15)
  An anaconda (Snake:2)
  A naga warrior (Snake:3)
  A two-headed ogre (Orc:2)
  2 death yaks (Lair:5)
  A naga sharpshooter (Snake:3)
  A cyclops (D:15)
  A black mamba (Snake:2)
  A naga mage (Snake:1)
  A komodo dragon (Lair:3)
  2 blink frogs
  A hippogriff (D:14)
  3 yaks
  A human (D:14)
  A water moccasin (Lair:1)
  3 orc warriors
  3 boggarts
  An ogre (Orc:1)
  A wolf (Gauntlet)
  A crocodile (Lair:5)
  An orc priest (Orc:2)
  3 orc wizards
  An iguana (D:12)
  3 orcs
  A demonic plant (Gauntlet)
  3 fungi
  3 plants (Lair:3)
43 creatures vanquished.

Vanquished Creatures (others)
  A human simulacrum (D:10)
  A demonic plant (Gauntlet)
  4 fungi
  13 plants
  5 toadstools (D:12)
24 creatures vanquished.

Grand Total: 870 creatures vanquished

Notes
Turn   | Place    | Note
-------+----------+-------------------------------------------
     0 | D:1      | vurker the Hill Orc Gladiator began the quest for the Orb.
     0 | D:1      | Reached XP level 1. HP: 18/18 MP: 1/1
   253 | D:1      | Reached XP level 2. HP: 18/25 MP: 2/2
   930 | D:1      | Reached skill level 5 in Axes
  1026 | D:1      | Reached XP level 3. HP: 31/31 MP: 3/3
  1374 | D:2      | Reached XP level 4. HP: 33/38 MP: 4/4
  1454 | D:2      | Noticed Terence
  1461 | D:2      | Killed Terence
  1461 | D:2      | Reached skill level 6 in Axes
  1766 | D:2      | Reached XP level 5. HP: 44/46 MP: 5/5
  2078 | D:3      | Found a faded altar of an unknown god.
  2091 | D:3      | Became a worshipper of Qazlal Stormbringer
  2091 | D:3      | Reached * piety under Qazlal
  2107 | D:3      | Reached skill level 7 in Axes
  2488 | D:3      | Reached skill level 1 in Invocations
  2488 | D:3      | Reached XP level 6. HP: 36/53 MP: 6/6
  2649 | D:3      | Found a hazy altar of Hepliaklqana.
  3151 | D:4      | Found a sparkling altar of Nemelex Xobeh.
  3196 | D:4      | Noticed a fire elemental
  3198 | D:4      | Found a stormy altar of Qazlal.
  3204 | D:4      | Noticed a phantom
  3209 | D:4      | Reached skill level 5 in Fighting
  3216 | D:4      | Noticed an air elemental
  3216 | D:4      | Noticed a water elemental
  3269 | D:4      | Killed a phantom
  3269 | D:4      | Reached skill level 8 in Axes
  3269 | D:4      | Reached XP level 7. HP: 49/61 MP: 7/9
  3357 | D:4      | Found a burning altar of Makhleb.
  3492 | D:4      | Noticed a hippogriff
  3505 | D:4      | Killed a hippogriff
  3505 | D:4      | Reached skill level 9 in Axes
  3593 | D:4      | Reached ** piety under Qazlal
  3695 | D:4      | Found a shimmering blue altar of Sif Muna.
  3806 | D:5      | Entered Level 5 of the Dungeon
  3851 | D:5      | Noticed Sigmund
  3862 | D:5      | Killed Sigmund
  3862 | D:5      | Reached XP level 8. HP: 65/70 MP: 9/11
  3879 | D:5      | Found a staircase to the Ecumenical Temple.
  3936 | D:5      | Reached skill level 10 in Axes
  3969 | D:5      | Reached skill level 5 in Invocations
  4105 | D:5      | Found a blossoming altar of Fedhas.
  4300 | D:5      | Found a white marble altar of Elyvilon.
  4830 | D:6      | Reached *** piety under Qazlal
  4843 | D:6      | Reached skill level 11 in Axes
  4893 | D:6      | Found a shadowy altar of Dithmenos.
  4910 | D:6      | Reached XP level 9. HP: 73/79 MP: 13/13
  5045 | D:6      | Found the cursed +14 obsidian axe {vorpal, +Fly SInv
                  | *Curse}
  5167 | D:6      | Found a blossoming altar of Fedhas.
  5482 | D:7      | Found an opulent altar of Gozag.
  5598 | D:7      | Found a shattered altar of Ashenzari.
  5799 | D:7      | Reached skill level 12 in Axes
  5822 | D:7      | Found an ancient bone altar of Kikubaaqudgha.
  5827 | D:7      | Found a transporter.
  5837 | D:7      | Noticed Menkaure
  5960 | D:7      | Found a basalt altar of Yredelemnul.
  5961 | D:7      | Found a transporter.
  6368 | D:8      | Found a glowing golden altar of the Shining One.
  6579 | D:8      | Reached skill level 13 in Axes
  6583 | D:8      | Reached **** piety under Qazlal
  6594 | D:8      | Reached XP level 10. HP: 50/90 MP: 16/16
  6610 | D:8      | Noticed a seven-headed hydra
  6804 | D:8      | Killed a seven-headed hydra
  7466 | D:9      | Reached skill level 14 in Axes
  7619 | D:9      | Noticed a two-headed ogre
  7629 | D:9      | Killed a two-headed ogre
  7629 | D:9      | Reached skill level 10 in Fighting
  8065 | D:9      | Found a runed translucent gate.
  8065 | D:9      | Found a runed translucent gate.
  8065 | D:9      | Found a runed translucent gate.
  8065 | D:9      | Noticed a spectral centaur warrior
  8065 | D:9      | Noticed Graouh's ghost (novice MiFi)
  8187 | D:9      | Found an opulent altar of Gozag.
  8187 | D:9      | Found a stormy altar of Qazlal.
  8257 | D:9      | Reached skill level 10 in Invocations
  8257 | D:9      | Reached XP level 11. HP: 92/100 MP: 18/18
  8261 | D:9      | Reached skill level 15 in Axes
  8301 | D:9      | Found an iron altar of Okawaru.
  8409 | D:10     | Entered Level 10 of the Dungeon
  8771 | D:10     | Found a staircase to the Lair.
  8780 | D:10     | Reached skill level 1 in Armour
  9238 | D:11     | Noticed a two-headed ogre
  9241 | D:11     | Reached ***** piety under Qazlal
  9247 | D:11     | Killed a two-headed ogre
  9253 | D:11     | Noticed a purple ugly thing
  9259 | D:11     | Killed a purple ugly thing
  9369 | D:11     | Found a staircase to the Orcish Mines.
  9989 | D:12     | Noticed a brown ugly thing
  9992 | D:12     | Reached skill level 16 in Axes
  9996 | D:12     | Killed a brown ugly thing
 10004 | D:12     | Reached skill level 1 in Shields
 10063 | D:12     | Noticed a sun demon
 10238 | D:12     | Noticed Josephine
 10243 | D:12     | Noticed a five-headed hydra
 10245 | D:12     | Killed Josephine
 10245 | D:12     | Reached XP level 12. HP: 99/110 MP: 20/20
 10246 | D:12     | Killed a five-headed hydra
 10387 | D:12     | Noticed Nergalle
 10396 | D:12     | Killed Nergalle
 10526 | D:12     | Noticed a six-headed hydra
 10531 | D:12     | Killed an eight-headed hydra
 10852 | D:12     | Noticed a soul eater
 11398 | Lair:1   | Entered Level 1 of the Lair of Beasts
 11431 | Lair:1   | Reached skill level 17 in Axes
 11466 | Lair:1   | Reached skill level 5 in Armour
 11510 | Lair:1   | Reached skill level 5 in Dodging
 11516 | Lair:1   | Got a pair of spiked gloves
 11614 | D:10     | Identified the cursed +0 pair of gloves "Qyzoosuo" {*Drain
                  | rElec MP+9} (You found it on level 1 of the Lair of Beasts)
 11953 | Lair:1   | Got an ichor-stained robe
 12341 | Lair:2   | Reached XP level 13. HP: 117/117 MP: 22/22
 12708 | Lair:2   | You fall into a shaft and drop 2 floors!
 12786 | Lair:4   | Found a staircase to the Swamp.
 12839 | Lair:4   | Found a white marble altar of Elyvilon.
 12872 | Lair:3   | Reached skill level 18 in Axes
 13766 | Lair:3   | Found an ancient bone altar of Kikubaaqudgha.
 13953 | Lair:3   | Reached ****** piety under Qazlal
 14919 | Lair:4   | Found a staircase to the Snake Pit.
 15143 | Lair:5   | Reached XP level 14. HP: 90/129 MP: 24/24
 15937 | Lair:6   | Entered Level 6 of the Lair of Beasts
 16202 | Lair:6   | Reached skill level 10 in Armour
 16219 | Lair:6   | Found a staircase to the Slime Pits.
 16286 | Lair:6   | Reached skill level 15 in Invocations
 16481 | Lair:6   | Got a dazzling broad axe
 17000 | Lair:6   | Identified the +9 broad axe "Zekhumil" {flame, rC- MR++
                  | Str+5} (You found it on level 6 of the Lair of Beasts)
 17211 | Orc:1    | Entered Level 1 of the Orcish Mines
 17249 | Orc:1    | Found Yssuon Diaf's General Store.
 17257 | Orc:1    | Noticed a stone giant
 17265 | Orc:1    | Killed a stone giant
 17636 | Orc:2    | Entered Level 2 of the Orcish Mines
 17654 | Orc:2    | Reached skill level 15 in Fighting
 17654 | Orc:2    | Reached XP level 15. HP: 101/141 MP: 26/26
 17833 | Orc:2    | Found Ribuup's Assorted Antiques.
 17833 | Orc:2    | Found Daufekuxi's Magic Scroll Emporium.
 17843 | Orc:2    | Found Deulazur's Distillery.
 17846 | Orc:2    | Found Gyavvischos's Distillery.
 17852 | Orc:2    | Bought a scroll of enchant armour for 97 gold pieces
 17852 | Orc:2    | Bought a scroll of magic mapping for 45 gold pieces
 17852 | Orc:2    | Bought 2 scrolls of teleportation for 78 gold pieces
 17852 | Orc:2    | Bought a scroll of fear for 45 gold pieces
 17852 | Orc:2    | Bought a scroll of teleportation for 39 gold pieces
 17852 | Orc:2    | Bought a scroll of fear for 45 gold pieces
 17853 | Orc:2    | Bought a potion of mutation for 128 gold pieces
 17853 | Orc:2    | Bought a potion of mutation for 128 gold pieces
 17853 | Orc:2    | Bought a potion of might for 64 gold pieces
 17854 | Orc:2    | Bought a potion of haste for 130 gold pieces
 17854 | Orc:2    | Bought 2 potions of heal wounds for 130 gold pieces
 18140 | Orc:2    | Found a staircase to the Elven Halls.
 18768 | D:13     | Noticed Azrael
 18777 | D:13     | Killed Azrael
 19287 | D:14     | Found a gate leading to a gauntlet.
 19296 | Gauntlet | Entered a Gauntlet
 19296 | Gauntlet | Found a transporter.
 19305 | Gauntlet | Found a transporter.
 19320 | Gauntlet | Found a transporter.
 19322 | Gauntlet | Found a large runed translucent door.
 19322 | Gauntlet | Found a large runed translucent door.
 19323 | Gauntlet | Found a large runed translucent door.
 19323 | Gauntlet | Found a large runed translucent door.
 19324 | Gauntlet | Found a large runed translucent door.
 19324 | Gauntlet | Found a large runed translucent door.
 19324 | Gauntlet | Found a runed translucent door.
 19324 | Gauntlet | Found a runed translucent door.
 19324 | Gauntlet | Found a large runed translucent door.
 19325 | Gauntlet | Found a transporter.
 19340 | Gauntlet | Found a transporter.
 19355 | Gauntlet | Found a large runed translucent door.
 19356 | Gauntlet | Found a large runed translucent door.
 19357 | Gauntlet | Found a large runed translucent door.
 19357 | Gauntlet | Found a large runed translucent door.
 19358 | Gauntlet | Found a runed translucent gate.
 19359 | Gauntlet | Found a transporter.
 19359 | Gauntlet | Found a runed translucent gate.
 19360 | Gauntlet | Found a runed translucent gate.
 19361 | Gauntlet | Found a large runed translucent door.
 19361 | Gauntlet | Found a large runed translucent door.
 19362 | Gauntlet | Found a large runed translucent door.
 19363 | Gauntlet | Found a large runed translucent door.
 19371 | Gauntlet | Found a transporter.
 19373 | Gauntlet | Found a large runed translucent door.
 19377 | Gauntlet | Found a transporter.
 19379 | Gauntlet | Found a transporter.
 19396 | Gauntlet | Found a transporter.
 19408 | Gauntlet | Found a transporter.
 19414 | Gauntlet | Found a transporter.
 19414 | Gauntlet | Found a transporter.
 19416 | Gauntlet | Found a transporter.
 19433 | Gauntlet | Found a transporter.
 19439 | Gauntlet | Found a transporter.
 19482 | Gauntlet | Found a transporter.
 19507 | Gauntlet | Found a transporter.
 19836 | Gauntlet | Got a fading arbalest
 19837 | Gauntlet | Identified the +7 arbalest "Fuzisch" {venom, rPois Str+9
                  | Int+4 Dex-3} (You found it in a Gauntlet)
 19886 | Gauntlet | Got a steaming silver ring
 19890 | Gauntlet | Identified the ring "Ugozul" {rElec rPois rC- Str+5 Stlth+}
                  | (You found it in a Gauntlet)
 20353 | D:14     | Reached skill level 5 in Shields
 20461 | D:14     | Found a gate to the Vaults.
 20884 | D:15     | Entered Level 15 of the Dungeon
 21309 | D:15     | Found a staircase to the Depths.
 21416 | D:15     | Got a slimy marble ring
 21642 | D:15     | Identified the ring "Kinliw" {Wiz Dex+3} (You found it on
                  | level 15 of the Dungeon)
 21887 | Snake:1  | Entered Level 1 of the Snake Pit
 21914 | Snake:1  | Reached XP level 16. HP: 142/151 MP: 28/28
 23341 | Snake:2  | Noticed a nagaraja
 23348 | Snake:2  | Killed a nagaraja
 24279 | Snake:3  | HP: 7/155 [naga warrior collision (3)]
 24286 | Snake:3  | HP: 4/155 [salamander/+0 halberd (6)]
 24291 | Snake:3  | Killed from afar by a shock serpent

Illustrated notes

Levels and vault maps discovered:
D:1:      dpeg_arrival_pits, layout_basic
D:2:      layout_basic, uniq_terence
D:3:      layout_loops_corners, marbit_many_paths,
          chequers_ecumenical_altar_simple, grunt_decor_fettered
D:4:      cheibrodos_barr_body, layout_loops_ring,
          nemelex_xobeh_ov_fountains_minmay, led_sif_pool, lemuel_doored_altar,
          nicolae_zen_rock_garden, nicolae_qazlal_style_of_elements
D:5:      layout_basic, elyvilon_altar_4, minmay_temple_entry_ruins,
          fedhas_altar_3, uniq_sigmund
D:6:      layout_loops_ring, old_standard_altar, basic_altar
D:7:      layout_basic, gammafunk_temple_of_torment,
          cheibrodos_ashenzari_chains,
          nicolae_gozag_cash_rules_everything_around_me
D:8:      layout_cave_pods, old_standard_altar
D:9:      layout_loops_ring, okawaru_gym_becter, gammafunk_temple_overflow_wave,
          gammafunk_ghost_necromancy, kennysheep_generic_room_16
D:10:     layout_irregular_city, david_lair_generic, bh_circular_ruins
D:11:     layout_long_grid, erik_orc_4
D:12:     layout_stronghold, minmay_gold_behind_fungi, minmay_checkerbox,
          uniq_josephine, uniq_nergalle
D:13:     layout_irregular_city, uniq_azrael
D:14:     layout_cave_pods, grunt_vaults_entry_tiered, serial_park,
          serial_park_square1 [serial_park_minivault_5x5_7],
          serial_park_square2, serial_park_tiny_2, serial_park_tiny_2,
          serial_park_square1 [serial_park_minivault_5x5_3], serial_park_gazebo
          [serial_park_minivault_5x5_8], gauntlet_entry_generic,
          serial_bayou_pond_d
D:15:     hangedman_depths_entry_try_elsewhere_first, layout_basic
Lair:1:   beast_lair_carwin_large_2, layout_regular_city, st_stairs_11,
          lemuel_fruit_fields, minmay_lair_oklob_chamber
Lair:2:   layout_roguey, lemuel_another_geyser
Lair:3:   layout_layer_cave, basic_altar, special_room [special_room_bee],
          cheibrodos_lair_lostbears, grunt_megastairs_2, lemuel_fruit_fields
Lair:4:   layout_hall_layers, nicolae_swamp_entry_splash_gauntlet,
          minmay_snake_entry_guardpost_large, basic_altar, serial_rivers,
          chequers_serial_rivers_marsh, chequers_serial_rivers_micro_c,
          chequers_serial_rivers_small_3, chequers_serial_rivers_small_b,
          chequers_serial_rivers_micro_b, lemuel_fruit_tree
Lair:5:   layout_cave_pods, beast_lair_carwin_8
Lair:6:   gammafunk_lair_ancient_temple, layout_long_grid,
          minmay_slime_entry_eyes
Snake:1:  layout_layer_cave, grunt_megastairs_3
Snake:2:  layout_grid_shapes
Snake:3:  layout_rooms, uniq_aizul
Orc:1:    layout_caves, serial_shops, shop
Orc:2:    st_orc_mages, layout_diamond_mine

Skill      XL: |  1  2  3  4  5  6  7  8  9 10 11 12 13 14 15 16 |
---------------+-------------------------------------------------+-----
Fighting       | 3 4 5 6 7 8 10 11 13 15 16 17 | 17.1
Axes           | 5 6 7 8 9 11 13 14 16 17 18 | 18.0
Invocations    | 1 2 4 6 8 10 11 12 13 15 17 | 17.9
Armour         | 3 5 8 11 12 13 | 13.5
Dodging        | 4 5 |  5.0
Shields        | 2 4 6 8 |  8.5
Throwing       | |  1.7

Action                   |  1- 3 |  4- 6 |  7- 9 | 10-12 | 13-15 | 16-18 || total
-------------------------+-------+-------+-------+-------+-------+-------++-------
Melee: War axe           |    84 |   141 |   213 |    15 |       |       ||   453
       Broad axe         |       |       |    57 |   328 |   685 |   183 ||  1253
Invok: Upheaval          |       |       |       |    11 |     1 |       ||    12
       Disaster Area     |       |       |       |       |     1 |     3 ||     4
Evoke: Wand              |       |       |       |       |     3 |       ||     3
  Use: Scroll            |       |    10 |     9 |    12 |    18 |       ||    49
       Potion            |       |       |       |       |       |     5 ||     5
 Stab: Distracted        |       |       |       |     1 |     5 |     1 ||     7
Armor: Leather armour    |    20 |       |       |       |       |       ||    20
       Chain mail        |       |    56 |   144 |   112 |   114 |       ||   426
       Ring mail         |       |     4 |       |       |       |       ||     4
       Plate armour      |       |       |       |       |   107 |    64 ||   171
Dodge: Dodged            |    61 |    45 |    96 |    58 |   134 |    35 ||   429
       Repelled          |       |       |       |     2 |     2 |     9 ||    13
Block: Other             |       |     4 |    25 |    32 |       |       ||    61
       Buckler           |       |       |       |    64 |   281 |       ||   345
       Kite shield       |       |       |       |       |   127 |   214 ||   341
       Reflection        |       |       |       |       |     4 |    30 ||    34

Table legend: (Time is in decaauts)
 A = Elapsed time spent in this place.
 B = Non-inter-level travel time spent in this place.
 C = Inter-level travel time spent in this place.
 D = Time resting spent in this place.
 E = Time spent auto-exploring this place.
 F = Levels seen in this place.
 G = Mean time per level.
                   A        B        C        D        E       F      G
               +--------+--------+--------+--------+--------+-----+--------+
         Total |  24117 |  22767 |   1350 |    537 |  18210 |  27 |  893.2 |
       Dungeon |  14345 |  13404 |    941 |    381 |  10624 |  15 |  956.3 |
          Lair |   5704 |   5386 |    318 |     49 |   4497 |   6 |  950.7 |
     Snake Pit |   2370 |   2324 |     46 |      0 |   1949 |   3 |  790.0 |
  Orcish Mines |   1019 |    974 |     45 |    107 |    667 |   2 |  509.5 |
      Gauntlet |    676 |    676 |      0 |      0 |    472 |   1 |  676.0 |
               +--------+--------+--------+--------+--------+-----+--------+

Top non-repeatable levels by time:
 Snake:1: 1360 daAuts
    D:12: 1296 daAuts
     D:1: 1257 daAuts
     D:8: 1240 daAuts
     D:3: 1141 daAuts
    D:14: 1106 daAuts
    D:10: 1083 daAuts
  Lair:6: 1054 daAuts
  Lair:3: 1026 daAuts
  Lair:4: 1010 daAuts
     D:5: 989 daAuts
  Lair:5: 978 daAuts
 Snake:2: 975 daAuts
     D:7: 884 daAuts
  Lair:1: 873 daAuts
